[Event "Team 45 45 League T87"]
[Site "Internet Chess Club"]
[Date "2021.01.10"]
[Round "1"]
[White "janh"]
[Black "CPTsopiens"]
[Result "1-0"]
[WhiteElo "1955"]
[BlackElo "1739"]
[Opening "Queen's pawn game"]
[ECO "D00"]
[Time "16:00:39"]
[TimeControl "2700+45"]

1. d4 Nf6 2. Nc3 d5 3. Bf4 g6 4. e3 Bg7 5. h4 c6 6. h5 Bg4 7. f3 Be6 8. h6 Bf8
9. g4 Nbd7 10. Bd3 Qb6 11. Qd2 c5 12. Na4 Qc6 13. Nxc5 Nxc5 14. dxc5 Qxc5 15.
Ne2 Bxg4 16. fxg4 Nxg4 17. Rh4 f5 18. b4 Qb6 19. Qc3 e5 20. Rb1 exf4 21. Rxg4
fxg4 22. Qe5+ Kf7 23. Qxd5+ Kf6 24. exf4 Bxb4+ 25. c3 Bxc3+ 26. Nxc3 Rhe8+ 27.
Kf1 Qe3 28. Qg5+ Kf7 29. Bc4+ Re6 30. Bxe6+ Qxe6 31. Rxb7+ Kf8 32. Qc5+ Kg8 33.
Qc7 {Black resigns} 1-0

[Event "Team 45 45 League T87"]
[Site "Internet Chess Club"]
[Date "2021.01.09"]
[Round "1"]
[White "walkover"]
[Black "VictorRed"]
[Result "0-1"]
[WhiteElo "1685"]
[BlackElo "1651"]
[Opening "Queen's pawn: Chigorin variation"]
[ECO "D00"]
[Time "10:00:44"]
[TimeControl "2700+45"]

1. d4 d5 2. Nc3 c6 3. Bf4 g6 4. e3 Bg7 5. h4 Nf6 6. h5 Nxh5 7. Rxh5 gxh5 8. Qxh5
Qd7 9. Be5 Bxe5 10. Qxe5 f6 11. Qh5+ Kd8 12. O-O-O Qf5 13. Qh4 Qg5 14. Qh2 Bg4
15. Re1 Nd7 16. f3 Qh5 17. Qf4 Be6 18. Bd3 Qg5 19. Qh2 h5 20. f4 Qg7 21. f5 Bf7
22. Nh3 Rg8 23. Nf4 Qg3 24. Qg1 Nf8 25. Nce2 Qg5 26. Kb1 e5 27. fxe6 Nxe6 28.
Nxe6+ Bxe6 29. Nf4 Bd7 30. Qh2 Qg3 31. Qxg3 Rxg3 32. Nxh5 Rxg2 33. Nxf6 Ke7 34.
Nxd7 Kxd7 35. e4 dxe4 36. Bxe4 Rd2 37. Bf5+ Kc7 38. Re7+ Kb6 39. c3 Rf8 40. Kc1
Rh2 41. Re5 Rg8 42. Re1 Rgg2 43. b4 Rxa2 44. Kb1 Raf2 45. Be4 Rh3 46. Rc1 Kb5
47. Rc2 Rxc2 48. Kxc2 Kc4 {White resigns} 0-1

[Event "Team 45 45 League T87"]
[Site "Internet Chess Club"]
[Date "2021.01.11"]
[Round "1"]
[White "Portola"]
[Black "zugknightly"]
[Result "0-1"]
[WhiteElo "1657"]
[BlackElo "1864"]
[Opening "King's Indian: East Indian defense"]
[ECO "A48"]
[Time "17:00:41"]
[TimeControl "2700+45"]

1. d4 Nf6 2. Nf3 g6 3. c3 Bg7 4. Bf4 d6 5. h3 O-O 6. e3 Nbd7 7. Bc4 Qe8 8. Nbd2
c6 9. O-O e5 10. dxe5 dxe5 11. Bh2 Qe7 12. Qe2 e4 13. Nd4 c5 14. Nb5 Ne5 15.
Bxe5 Qxe5 16. Rfd1 a6 17. Na3 b5 18. Bb3 Qg5 19. f4 exf3 20. Qxf3 Rb8 21. Bc2
Bb7 22. Qf2 Rfe8 23. Re1 c4 24. Rad1 Re6 25. Nf3 Bxf3 26. Qxf3 Rbe8 27. e4 Qc5+
28. Kh1 Qe7 29. Rd4 Nd7 30. Rd2 f5 31. Red1 fxe4 32. Qe3 Ne5 33. Bxe4 Ng4 34.
hxg4 Rxe4 35. Qf2 Rf8 36. Qg3 Be5 37. Qh3 Bf4 38. Nc2 Bxd2 39. Rxd2 Rf1+ 40. Kh2
Qe5+ 41. g3 Re2+ 42. Rxe2 Qxe2+ 43. Qg2 Rf2 44. Ne3 Qxe3 {White resigns} 0-1

[Event "Team 45 45 League T87"]
[Site "Internet Chess Club"]
[Date "2021.01.07"]
[Round "1"]
[White "Beetlejuice"]
[Black "kabindra"]
[Result "1-0"]
[WhiteElo "1672"]
[BlackElo "1637"]
[Opening "King's Indian: Sämisch, 5...O-O"]
[ECO "E81"]
[Time "15:00:34"]
[TimeControl "2700+45"]

1. d4 Nf6 2. c4 g6 3. f3 Bg7 4. e4 d6 5. Nc3 O-O 6. Bg5 e5 7. dxe5 dxe5 8. Qxd8
Rxd8 9. Nd5 Nxd5 10. Bxd8 Ne3 11. Kf2 Bh6 12. h4 Nc2 13. Rd1 Nc6 14. Bg5 Bg7 15.
Bd3 N2b4 16. a3 Nxd3+ 17. Rxd3 Be6 18. b3 f5 19. exf5 Bxf5 20. Rd2 Rf8 21. Ne2
e4 22. Rhd1 exf3 23. gxf3 Be4 24. Ng1 h6 25. Be3 Kh7 26. Kg2 Bf5 27. Ne2 h5 28.
Ng3 Bc8 29. Ne4 Bh3+ 30. Kg3 Bf5 31. Bf4 Bc8 32. Bxc7 b6 33. b4 Be5+ 34. Bxe5
Nxe5 35. Ng5+ Kh6 36. Rd8 Rxd8 37. Rxd8 Bb7 38. Re8 {Black resigns} 1-0

[Event "Team 45 45 League T87"]
[Site "Internet Chess Club"]
[Date "2021.01.13"]
[Round "1"]
[White "kidcobra"]
[Black "primerpaso"]
[Result "1-0"]
[WhiteElo "1908"]
[BlackElo "1802"]
[Opening "Sicilian: closed"]
[ECO "B24"]
[Time "15:21:18"]
[TimeControl "2700+45"]

1. e4 c5 2. Nc3 Nc6 3. g3 g6 4. Bg2 Bg7 5. d3 e6 6. Be3 b6 7. Qd2 Bb7 8. Nge2
Nge7 9. Bh6 O-O 10. h4 Bxh6 11. Qxh6 f6 12. O-O-O e5 13. g4 Nd4 14. g5 Kh8 15.
gxf6 Rxf6 16. f4 Ng8 17. Qg5 exf4 18. Nxf4 Ne6 19. Nxe6 Rxe6 20. Qd2 Nf6 21. Nd5
Nh5 22. Rhf1 Kg8 23. Rf3 Bxd5 24. exd5 Rf6 25. Rdf1 Rxf3 26. Bxf3 Qxh4 27. Rh1
Qf4 28. Bxh5 Qxd2+ 29. Kxd2 gxh5 30. Rxh5 Kg7 31. Kc3 Rf8 32. Rh4 Rf5 33. Kc4 h5
34. d4 cxd4 35. Rxd4 Rg5 36. Kb5 Kf6 37. Ka6 Ke5 38. Rd2 Kf4 39. Kxa7 h4 40.
Kxb6 h3 41. a4 Rg2 42. Rd1 h2 43. Rh1 Rxc2 44. b4 Ke5 45. b5 Kxd5 46. a5 Kc4 47.
a6 Ra2 48. a7 d5 49. Rxh2 Rxa7 50. Rh4+ {Black resigns} 1-0

[Event "Team 45 45 League T87"]
[Site "Internet Chess Club"]
[Date "2021.01.07"]
[Round "1"]
[White "QuieroAprender"]
[Black "KidRattler"]
[Result "0-1"]
[WhiteElo "1619"]
[BlackElo "1781"]
[Opening "Queen's bishop game"]
[ECO "A45"]
[Time "21:11:20"]
[TimeControl "2700+45"]

1. d4 Nf6 2. Bf4 d5 3. Nf3 g6 4. e3 Bg7 5. Bd3 O-O 6. Nbd2 Nc6 7. Ne5 Nxe5 8.
Bxe5 c6 9. c3 Ne8 10. Bxg7 Nxg7 11. h4 h5 12. Nf3 Bg4 13. Qc2 Bxf3 14. gxf3 f5
15. e4 e6 16. e5 c5 17. O-O-O cxd4 18. Kb1 dxc3 19. Qxc3 Kh7 20. Qd4 Ne8 21.
Rhg1 Rg8 22. Rg5 Qb6 23. Qxb6 axb6 24. Rc1 Rg7 25. Rgg1 Nc7 26. Rc3 Na6 27. f4
Nc5 28. Be2 Ne4 29. Rc2 Nxf2 30. Bxh5 Nh3 31. Bxg6+ Rxg6 32. Rc7+ Kh6 33. Rxg6+
Kxg6 34. Re7 Nxf4 {White resigns} 0-1

[Event "Team 45 45 League T87"]
[Site "Internet Chess Club"]
[Date "2021.01.09"]
[Round "1"]
[White "Kingsacrificed"]
[Black "ElValero"]
[Result "0-1"]
[WhiteElo "1549"]
[BlackElo "1671"]
[Opening "French: exchange variation"]
[ECO "C01"]
[Time "08:00:19"]
[TimeControl "2700+45"]

1. e4 e6 2. d4 d5 3. exd5 exd5 4. Nf3 Bd6 5. Nc3 Nf6 6. Bd3 Bg4 7. Qe2+ Be7 8.
Bf4 O-O 9. h3 Bh5 10. g4 Bg6 11. Nb5 Re8 12. O-O-O Na6 13. Ne5 c6 14. Nc3 Bxd3
15. Qxd3 Nd7 16. Nxc6 bxc6 17. Qxa6 Nb6 18. Rhe1 Qd7 19. Re2 Bb4 20. Rxe8+ Rxe8
21. Qd3 Nc4 22. Na4 Qb7 23. Qb3 Na5 24. Qd3 Nc4 25. a3 Qb5 26. Nc3 Qa5 27. Nxd5
cxd5 28. Qb3 Bf8 29. Kb1 Re1 30. Rxe1 Qxe1+ 31. Ka2 Qxf2 32. Be5 f6 33. Bc7 Qxd4
34. c3 Qc5 35. Bg3 Nd2 36. Qc2 Ne4 37. Be1 Bd6 38. Qa4 Qc4+ 39. Qb3 Be5 40. a4
Nc5 41. Qxc4 dxc4 42. Bf2 Bd6 43. a5 a6 44. Bxc5 Bxc5 45. b3 Kf7 46. b4 Ba7 47.
Ka3 g6 48. b5 Ke6 49. Kb4 Kd5 50. b6 Bb8 51. Ka3 f5 52. gxf5 gxf5 53. Kb2 f4 54.
Kc2 Ke4 55. Kd2 Kf3 56. h4 Kg2 57. h5 f3 58. Ke3 f2 59. h6 f1=Q 60. Kd4 Qd3+
{White resigns} 0-1

[Event "Team 45 45 League T87"]
[Site "Internet Chess Club"]
[Date "2021.01.09"]
[Round "1"]
[White "ARMAND02019"]
[Black "Validus"]
[Result "1-0"]
[WhiteElo "1670"]
[BlackElo "1416"]
[Opening "QGD Slav defense"]
[ECO "D10"]
[Time "19:58:06"]
[TimeControl "2700+45"]

1. d4 d5 2. c4 c6 3. Nc3 Nf6 4. e3 Bf5 5. Nf3 e6 6. Qb3 Qb6 7. Qxb6 axb6 8. Nh4
Bg6 9. Nxg6 hxg6 10. h3 Nbd7 11. Bd2 g5 12. cxd5 Nxd5 13. e4 Nxc3 14. bxc3 Be7
15. Be2 Nf6 16. f3 b5 17. Bxg5 Nd7 18. Be3 Ra3 19. Bd2 Bd8 20. Kd1 Ba5 21. Kc2
Bc7 22. Rhb1 Ke7 23. c4 Rha8 24. Bb4+ Bd6 25. Bxa3 Bxa3 26. cxb5 cxb5 27. Rxb5
Rc8+ 28. Kb3 Bd6 29. Rxb7 Bf4 30. Bb5 Rd8 31. Rxd7+ Rxd7 32. Bxd7 Kxd7 33. a4
Bc7 34. a5 Kc8 35. Rc1 Kb7 36. Rxc7+ Kxc7 37. Kc4 g5 38. Kc5 f6 39. a6 f5 40.
exf5 exf5 41. d5 f4 42. d6+ Kc8 43. a7 Kb7 44. d7 g4 45. hxg4 Kxa7 46. d8=Q Kb7
47. Qb6+ Kc8 48. Qa7 Kd8 49. Kd6 Kc8 50. Qc7# {Black checkmated} 1-0

[Event "Team 45 45 League T87"]
[Site "Internet Chess Club"]
[Date "2021.01.10"]
[Round "1"]
[White "ChessSpawnVT"]
[Black "Legal"]
[Result "1-0"]
[WhiteElo "2005"]
[BlackElo "1895"]
[Opening "Réti: Nimzovich-Larsen attack"]
[ECO "A06"]
[Time "13:04:35"]
[TimeControl "2700+45"]

1. Nf3 d5 2. b3 Nf6 3. Bb2 Bf5 4. e3 e6 5. Be2 h6 6. O-O Be7 7. c4 c6 8. Nc3
Nbd7 9. d4 O-O 10. cxd5 exd5 11. Bd3 Bxd3 12. Qxd3 Re8 13. h3 Bd6 14. Qc2 Rc8
15. Rac1 Nf8 16. Rfd1 Bb8 17. Na4 b6 18. Nc3 Ng6 19. Ba3 Qd7 20. Qd3 Ne4 21. Rc2
f5 22. Qe2 f4 23. Nxe4 dxe4 24. Ne5 Bxe5 25. dxe5 Qf5 26. Bb2 f3 27. Qc4+ Kh8
28. g4 Qg5 29. e6 Qh4 30. Kh2 Qe7 31. Rd7 Qxe6 32. Qxe6 Rxe6 33. Rxg7 Ne5 34.
Rxa7 Kg8 35. Bxe5 Rxe5 36. Ra6 h5 37. Rxb6 hxg4 38. hxg4 Rg5 39. Kg3 Rg6 40. Rc4
Re6 41. a4 Kg7 42. b4 Kf7 43. a5 Ke7 44. b5 c5 45. Rxe6+ Kxe6 46. a6 Kd5 47. b6
Kc6 48. b7 Re8 49. Rxc5+ {Black resigns} 1-0

[Event "Team 45 45 League T87"]
[Site "Internet Chess Club"]
[Date "2021.01.08"]
[Round "1"]
[White "The7thGuest"]
[Black "martineden"]
[Result "1-0"]
[WhiteElo "1842"]
[BlackElo "1869"]
[Opening "Pirc: Austrian attack"]
[ECO "B09"]
[Time "09:28:29"]
[TimeControl "2700+45"]

1. e4 d6 2. d4 Nf6 3. Nc3 g6 4. f4 Bg7 5. e5 dxe5 6. fxe5 Nfd7 7. e6 fxe6 8. h4
Nf6 9. Be2 Nc6 10. Be3 Nd5 11. Nxd5 exd5 12. h5 Bf5 13. hxg6 hxg6 14. Rxh8+ Bxh8
15. c3 e5 16. dxe5 Qh4+ 17. Bf2 Qe4 18. Kf1 O-O-O 19. Nf3 a6 20. Ng5 Qd4 21.
cxd4 {Black resigns} 1-0

[Event "Team 45 45 League T87"]
[Site "Internet Chess Club"]
[Date "2021.01.09"]
[Round "1"]
[White "laurenpar"]
[Black "fileman"]
[Result "1-0"]
[WhiteElo "1823"]
[BlackElo "1820"]
[Opening "Nimzovich-Larsen attack: classical variation"]
[ECO "A01"]
[Time "02:59:19"]
[TimeControl "2700+45"]

1. b3 d5 2. Bb2 Nc6 3. e3 a6 4. Nf3 e6 5. d4 Nge7 6. Bd3 Ng6 7. Nbd2 Be7 8. a3
b5 9. c4 bxc4 10. bxc4 Bd7 11. Bc3 O-O 12. h4 Bf6 13. h5 Nh4 14. Nxh4 Bxh4 15.
Bb1 Qg5 16. Kf1 Qe7 17. Nf3 Bf6 18. Qc2 g6 19. cxd5 exd5 20. Qa2 Be6 21. Bd3
Rfb8 22. Ng1 a5 23. Ne2 Nd8 24. Nf4 c6 25. Qc2 c5 26. hxg6 fxg6 27. dxc5 Bf7 28.
Bxf6 Qxf6 29. Rc1 Rc8 30. Qa4 Nc6 31. Ke2 d4 32. Be4 dxe3 33. fxe3 Be8 34. Bd5+
Kh8 35. Bxc6 Rxc6 36. Qd4 Rac8 37. Nd5 Qxd4 38. exd4 Kg7 39. Kd3 Re6 40. Rhe1
Bf7 41. Nb6 Rd8 42. Nc4 Rf6 43. Rf1 Ra6 44. Rce1 Ra7 45. Nb6 Rc7 46. Re5 Bb3 47.
Rfe1 Kh6 48. Kc3 a4 49. Re7 Rc6 50. Rh1+ Kg5 51. Rhxh7 Rb8 52. Rb7 Re8 53. Rhe7
Rf8 54. Kb4 Rf4 55. Kb5 Rcf6 56. d5 R4f5 57. Rbd7 Rf2 58. c6 Rb2 59. c7 Bxd5+
60. Kc5 Bb7 61. Nxa4 Rc6+ 62. Kd4 Rbc2 63. Re5+ Kf6 64. Rc5 Rd2+ 65. Ke3 Rxc5
66. Nxc5 Rxd7 67. Nxd7+ Ke7 68. Nb6 {Black resigns} 1-0

[Event "Team 45 45 League T87"]
[Site "Internet Chess Club"]
[Date "2021.01.10"]
[Round "1"]
[White "DeepPoo"]
[Black "fishhead"]
[Result "0-1"]
[WhiteElo "1721"]
[BlackElo "1790"]
[Opening "Grünfeld: exchange, Spassky variation"]
[ECO "D87"]
[Time "14:02:26"]
[TimeControl "2700+45"]

1. d4 Nf6 2. c4 g6 3. Nc3 d5 4. cxd5 Nxd5 5. e4 Nxc3 6. bxc3 c5 7. Bc4 Bg7 8.
Ne2 O-O 9. O-O Qc7 10. Bb3 Rd8 11. Be3 Nc6 12. Rc1 Na5 13. Bf4 e5 14. Bg3 c4 15.
Bc2 b6 16. d5 Ba6 17. Kh1 Nb7 18. f4 exf4 19. Bxf4 Be5 20. Bxe5 Qxe5 21. Qd4 Re8
22. Rf6 Rad8 23. Rcf1 Rd7 24. Qxe5 Rxe5 25. Nd4 Nc5 26. Nf3 Rxe4 27. Ng5 Re5 28.
Nxf7 Rexd5 29. Nh6+ Kg7 30. Ng4 Rd2 31. R6f2 Rxf2 32. Rxf2 Re7 33. h4 Re1+ 34.
Kh2 Bb7 35. h5 gxh5 36. Nf6 h4 37. Bxh7 Re3 38. Bb1 Rxc3 39. Ne8+ Kg8 40. Bg6
Rg3 41. Bf7+ Kf8 42. Bh5+ Ke7 43. Rf7+ Ke6 44. Ng7+ Ke5 45. Rf5+ Kd4 46. Rf7
Rxg2+ 47. Kh3 Rxa2 48. Nf5+ Kc3 49. Nd6 Bd5 50. Rf4 a5 51. Be8 a4 52. Bb5 Nd3
53. Rxh4 Ne5 54. Nc8 Be6+ 55. Kg3 Bxc8 56. Re4 Kb4 57. Rxe5 c3 58. Bd3 c2 59.
Re4+ Kc3 60. Bxc2 Kxc2 61. Rc4+ Kb3 62. Rxc8 b5 63. Kf3 a3 64. Ke3 Rh2 65. Kd3
a2 66. Rc3+ Kb2 67. Rc5 a1=Q 68. Rxb5+ Kc1 {White resigns} 0-1

[Event "Team 45 45 League T87"]
[Site "Internet Chess Club"]
[Date "2021.01.10"]
[Round "1"]
[White "ANGELLR"]
[Black "janh"]
[Result "1/2-1/2"]
[WhiteElo "1926"]
[BlackElo "1954"]
[Opening "Queen's pawn, Mason variation"]
[ECO "D00"]
[Time "21:01:14"]
[TimeControl "2700+45"]

1. d4 d5 2. Bf4 Nc6 3. e3 Bf5 4. c4 e6 5. Nc3 Nf6 6. Rc1 Be7 7. h3 O-O 8. Nf3
Ne4 9. Nxe4 Bxe4 10. a3 Bd6 11. Bxd6 cxd6 12. Be2 dxc4 13. Bxc4 Rc8 {Game drawn
by mutual agreement} 1/2-1/2

[Event "Team 45 45 League T87"]
[Site "Internet Chess Club"]
[Date "2021.01.09"]
[Round "1"]
[White "achessman"]
[Black "andrew37"]
[Result "1-0"]
[WhiteElo "1914"]
[BlackElo "1668"]
[Opening "Réti opening"]
[ECO "A04"]
[Time "16:04:09"]
[TimeControl "2700+45"]

1. Nf3 c5 2. g3 g6 3. c4 Bg7 4. d4 cxd4 5. Nxd4 Nf6 6. Bg2 Nc6 7. Nc3 O-O 8. O-O
Nxd4 9. Qxd4 d6 10. Rd1 Ng4 11. Qd2 Qb6 12. e3 Ne5 13. Qe2 Be6 14. Nd5 Qd8 15.
Bd2 Rc8 16. Rac1 Bxd5 17. Bxd5 Qc7 18. b3 b6 19. Bc3 Rfd8 20. Qb2 e6 21. Bg2 f6
22. h3 Qe7 23. Rd2 Nd7 24. Rcd1 Nc5 25. Qa3 f5 26. Bxg7 Kxg7 27. Rd4 e5 28. Rd5
a5 29. b4 axb4 30. Qxb4 Qc7 31. Qd2 Nb7 32. Bf1 Ra8 33. h4 Rd7 34. Qb2 Nc5 35.
f4 Re8 36. Rb1 Na4 37. Qb4 Qc6 38. Rb5 Ra8 39. Bg2 e4 40. Bf1 Rb7 41. Rd1 Rd7
42. Be2 Ra6 43. h5 Nc5 44. Qb2+ Kg8 45. Rd2 Rf7 46. Qd4 Ra3 47. Kf2 Rd7 48. hxg6
hxg6 49. Qf6 Nd3+ 50. Bxd3 exd3 51. Qxg6+ Rg7 52. Qe6+ Kh7 53. Rxf5 Qh1 54. g4
Qh2+ 55. Kf3 Qh3+ 56. Ke4 d5+ 57. Kd4 {Black resigns} 1-0

[Event "Team 45 45 League T87"]
[Site "Internet Chess Club"]
[Date "2021.01.10"]
[Round "1"]
[White "BrianWood"]
[Black "primerpaso"]
[Result "0-1"]
[WhiteElo "1585"]
[BlackElo "1814"]
[Opening "Catalan: closed, 5.Nf3"]
[ECO "E06"]
[Time "14:03:18"]
[TimeControl "2700+45"]

1. d4 Nf6 2. c4 e6 3. Nf3 d5 4. g3 Be7 5. Bg2 O-O 6. O-O b6 7. Nc3 Bb7 8. Ne5
Ne4 9. cxd5 exd5 10. Nxe4 dxe4 11. e3 Nd7 12. Qc2 Nxe5 13. dxe5 Qd5 14. b3 c5
15. Bb2 Rfd8 16. Rad1 Qc6 17. Rxd8+ Rxd8 18. Rc1 Qd5 19. f4 exf3 {White resigns}
0-1

[Event "Team 45 45 League T87"]
[Site "Internet Chess Club"]
[Date "2021.01.10"]
[Round "1"]
[White "ElValero"]
[Black "Portola"]
[Result "1-0"]
[WhiteElo "1688"]
[BlackElo "1665"]
[Opening "QGD: 4.Nf3"]
[ECO "D37"]
[Time "10:00:39"]
[TimeControl "2700+45"]

1. Nf3 d5 2. d4 Nf6 3. c4 e6 4. Nc3 Be7 5. cxd5 exd5 6. Bg5 c6 7. Qc2 Nbd7 8. e3
O-O 9. Bd3 Re8 10. O-O Nf8 11. Bxf6 Bxf6 12. b4 Bg4 13. Nd2 Qd6 14. Rab1 a6 15.
a4 Rec8 16. Rfc1 Bd7 17. Nb3 b6 18. Nd2 h6 19. a5 b5 20. Na2 Ne6 21. Bf5 Nf8 22.
Bd3 Qe6 23. Nb3 Be8 24. Bf5 Qd6 25. Bxc8 Rxc8 26. Nc5 Ra8 27. Rd1 Be7 28. Re1
Qf6 29. Nc1 Bd6 30. Ne2 Qh4 31. Ng3 Bc7 32. Qd3 f6 33. Rbd1 Bg6 34. Qd2 f5 35.
f4 Qe7 36. Rc1 Qf7 37. Nd3 Qe6 38. Ne5 Be8 39. Qc2 Bxe5 40. fxe5 Nh7 41. Qxf5
Qe7 42. Rf1 g6 43. Qf4 Ng5 44. h4 Nf7 45. Qf6 Qxf6 46. Rxf6 Kg7 47. Rcf1 Ra7 48.
Re6 Ra8 49. Rff6 Nh8 50. Re7+ Kg8 51. h5 gxh5 52. Nf5 Ng6 53. Rxe8+ Rxe8 54.
Rxg6+ Kf8 55. Rxc6 {Black resigns} 1-0

[Event "Team 45 45 League T87"]
[Site "Internet Chess Club"]
[Date "2021.01.07"]
[Round "1"]
[White "LuFran"]
[Black "Portola"]
[Result "1-0"]
[WhiteElo "1796"]
[BlackElo "1682"]
[Opening "QGD: Orthodox defense, Bd3 line, 11.O-O"]
[ECO "D67"]
[Time "17:00:32"]
[TimeControl "2700+45"]

1. Nf3 d5 2. d4 Nf6 3. c4 e6 4. Nc3 Be7 5. Bg5 Nbd7 6. e3 O-O 7. Rc1 c6 8. Bd3
dxc4 9. Bxc4 Nd5 10. Bxe7 Qxe7 11. O-O b5 12. Bd3 Bb7 13. Ne4 f5 14. Nc5 Nxc5
15. Rxc5 Nb4 16. Bb1 Na6 17. Rc1 Rac8 18. Ne5 Nb4 19. a3 Nd5 20. Ba2 Rf6 21.
Bxd5 exd5 22. Rc5 Rh6 23. g3 Rc7 24. Qb1 Qg5 25. Qc2 Qh5 26. h4 Rf6 27. Qd1 Qe8
28. Qc2 Qd8 29. Rc1 a6 30. b4 g6 31. a4 Rd6 32. axb5 axb5 33. Rxb5 Qa8 34. Rc5
Rc8 35. b5 Rc7 36. bxc6 Bc8 37. Rb1 Kg7 38. Qb3 g5 39. Rxd5 Be6 40. Rxd6 Bxb3
41. Rxb3 Qa1+ 42. Kg2 Qa8 43. hxg5 Kg8 44. Rf6 Rg7 45. d5 Rxg5 46. Rb7 Qa4 47.
c7 Qe4+ 48. Nf3 Rxg3+ 49. fxg3 Kg7 50. c8=Q+ Kxf6 51. Qc6+ {Black resigns} 1-0

[Event "Team 45 45 League T87"]
[Site "Internet Chess Club"]
[Date "2021.01.10"]
[Round "1"]
[White "ascoli"]
[Black "andrew37"]
[Result "1-0"]
[WhiteElo "1727"]
[BlackElo "1654"]
[Opening "Sicilian defense"]
[ECO "B30"]
[Time "13:00:40"]
[TimeControl "2700+45"]

1. e4 c5 2. Nf3 Nc6 3. d3 g6 4. g3 Bg7 5. Bg2 d6 6. O-O Nf6 7. Nbd2 O-O 8. a4
Rb8 9. Nc4 d5 10. exd5 Nxd5 11. Re1 Bg4 12. h3 Bxf3 13. Qxf3 e6 14. c3 a6 15. a5
Qc7 16. Qe2 Nxc3 17. bxc3 Bxc3 18. Bf4 e5 19. Nxe5 Nd4 20. Qg4 h5 21. Nxg6 hxg4
22. Bxc7 fxg6 23. Bd5+ Kh8 24. Be5+ Kh7 25. Bxb8 Rxb8 26. Re7+ Kh6 27. Rc1 Bb4
28. hxg4 Kg5 29. Kg2 Kf6 30. Rxb7 Rd8 31. Rb6+ Ke5 32. Bc4 g5 33. Rf1 Rf8 34.
Rxa6 Nf3 35. Re6+ Kd4 36. Rc1 Bxa5 37. Re4# {Black checkmated} 1-0

[Event "Team 45 45 League T87"]
[Site "Internet Chess Club"]
[Date "2021.01.10"]
[Round "1"]
[White "MartyJR"]
[Black "rubo"]
[Result "0-1"]
[WhiteElo "1564"]
[BlackElo "1516"]
[Opening "Queen's bishop game"]
[ECO "A45"]
[Time "21:00:45"]
[TimeControl "2700+45"]

1. d4 Nf6 2. Bf4 d5 3. Nf3 Bf5 4. e3 c5 5. c3 Bxb1 6. Rxb1 cxd4 7. exd4 Nc6 8.
Bd3 e6 9. O-O Bd6 10. Bxd6 Qxd6 11. Re1 O-O 12. Ne5 a6 13. Qf3 b5 14. a3 Na5 15.
b4 Nc4 16. Nxc4 dxc4 17. Bc2 Qd5 18. Qh3 Qh5 19. Qg3 Qd5 20. Re5 Qd8 21. Qh3 g6
22. Rbe1 Ra7 23. Bd1 Rd7 24. Bf3 Nd5 25. Bxd5 Rxd5 26. Qf3 Rxe5 27. Rxe5 Qd6 28.
Rc5 Qb6 29. g3 Rd8 30. Qf6 Qd6 31. Qf3 Qb8 32. h4 Qa8 33. Qf6 Rd5 34. Qf3 Qd8
35. Rxd5 Qxd5 36. Qxd5 exd5 37. Kg2 f6 38. Kf3 h5 39. Kf4 Kf7 40. f3 Ke6 41. g4
g5+ 42. hxg5 h4 43. g6 Ke7 44. Ke3 Kf8 45. Kf2 Kg7 46. Kg2 Kxg6 47. Kh3 Kg5 48.
f4+ Kxf4 49. Kxh4 Ke3 50. g5 fxg5+ 51. Kxg5 Kd3 52. Kf5 Kxc3 53. Ke5 Kd3 54.
Kxd5 c3 55. Kc5 c2 {White resigns} 0-1

[Event "Team 45 45 League T87"]
[Site "Internet Chess Club"]
[Date "2021.01.06"]
[Round "1"]
[White "elmaestro"]
[Black "Timmah4651"]
[Result "0-1"]
[WhiteElo "1627"]
[BlackElo "1545"]
[Opening "French: advance, Milner-Barry gambit"]
[ECO "C02"]
[Time "23:24:13"]
[TimeControl "2700+45"]

1. e4 e6 2. d4 d5 3. e5 c5 4. c3 Nc6 5. Nf3 Qb6 6. Bd3 cxd4 7. cxd4 Bd7 8. Nc3
Nxd4 9. O-O a6 10. Rb1 Rc8 11. Be3 Nxf3+ 12. Qxf3 d4 13. Nd5 exd5 {White
resigns} 0-1

[Event "Team 45 45 League T87"]
[Site "Internet Chess Club"]
[Date "2021.01.08"]
[Round "1"]
[White "Grenadier"]
[Black "Redman1"]
[Result "0-1"]
[WhiteElo "1539"]
[BlackElo "1541"]
[Opening "Caro-Kann: exchange, Rubinstein variation"]
[ECO "B13"]
[Time "11:00:11"]
[TimeControl "2700+45"]

1. e4 c6 2. d4 d5 3. exd5 cxd5 4. Bd3 Nc6 5. c3 Nf6 6. Bf4 Bg4 7. Qb3 Qd7 8. Nd2
e6 9. Ngf3 Bxf3 10. Nxf3 Bd6 11. Ne5 Qc7 12. Bb5 O-O 13. Bxc6 bxc6 14. O-O Rab8
15. Qc2 Nd7 16. Rfe1 c5 17. Nxd7 Qxd7 18. Bxd6 Qxd6 19. dxc5 Qxc5 20. Qd2 Rb7
21. Rac1 Rfb8 22. b3 Qa5 23. Qe2 Rc7 24. Qe5 Rbc8 25. b4 Qxa2 26. Ra1 Qc4 27.
Rec1 d4 28. b5 dxc3 29. Ra6 Qd5 30. Qe2 Qd2 31. Qxd2 cxd2 32. Rd1 Rc1 33. Ra1
Rxa1 34. Rxa1 Rc1+ {White resigns} 0-1

[Event "Team 45 45 League T87"]
[Site "Internet Chess Club"]
[Date "2021.01.07"]
[Round "1"]
[White "Lawkeito"]
[Black "Snuffleupegus"]
[Result "1-0"]
[WhiteElo "1583"]
[BlackElo "1436"]
[Opening "Pirc defense"]
[ECO "B07"]
[Time "19:11:09"]
[TimeControl "2700+45"]

1. e4 d6 2. d4 Nf6 3. Nc3 g6 4. f3 Bg7 5. Be3 Nc6 6. Qd2 O-O 7. O-O-O Bd7 8. Bh6
e5 9. d5 Ne7 10. g4 Ne8 11. h4 f5 12. Bxg7 Nxg7 13. gxf5 gxf5 14. h5 f4 15. h6
Ne8 16. Bh3 Ng6 17. Bxd7 Qxd7 18. Nh3 Rf6 19. Ng5 Nf8 20. Rdg1 Rg6 21. Qh2 Nf6
22. Qh4 Qe7 23. Ne6 Nxe6 24. Rxg6+ hxg6 25. dxe6 Qxe6 26. h7+ Kh8 27. Qh6 Qf7
28. Qg5 Nxh7 29. Nd5 Kg7 30. Qh6+ Kg8 31. Nf6+ Qxf6 32. Qxh7+ Kf8 33. Rh6 Qg7
34. Qh8+ Qg8 35. Qf6+ Ke8 {Black resigns} 1-0

[Event "Team 45 45 League T87"]
[Site "Internet Chess Club"]
[Date "2021.01.06"]
[Round "1"]
[White "seattleblues"]
[Black "xingon"]
[Result "1-0"]
[WhiteElo "1265"]
[BlackElo "1398"]
[Opening "Queen's pawn game"]
[ECO "A32"]
[Time "20:00:08"]
[TimeControl "2700+45"]

1. d4 Nf6 2. Nf3 e6 3. c4 c5 4. Nc3 cxd4 5. Nxd4 Bb4 6. Bd2 d5 7. Qa4+ Nc6 8.
Nxc6 Bd7 9. Qxb4 bxc6 10. cxd5 cxd5 11. e3 Rb8 12. Qa3 Qc7 13. Rc1 Qe5 14. Be2
h5 15. b3 d4 16. exd4 Qxd4 17. Be3 Qe5 18. O-O Rc8 19. Nb1 Ra8 20. Nd2 h4 21.
Nc4 Qc7 22. Nd6+ Qxd6 23. Qxd6 Ne4 24. Qd4 {Black resigns} 1-0

[Event "Team 45 45 League T87"]
[Site "Internet Chess Club"]
[Date "2021.01.08"]
[Round "1"]
[White "QuieroAprender"]
[Black "WillC"]
[Result "1-0"]
[WhiteElo "1632"]
[BlackElo "1546"]
[Opening "Queen's pawn, Mason variation"]
[ECO "D00"]
[Time "16:14:50"]
[TimeControl "2700+45"]

1. d4 d5 2. Bf4 Bf5 3. Nf3 e6 4. e3 Nf6 5. c3 c6 6. Nbd2 Bd6 7. Ne5 O-O 8. Ndf3
Ne4 9. g4 Bxe5 10. Nxe5 Bg6 11. h4 f6 12. Nxg6 hxg6 13. f3 Nd6 14. Bd3 f5 15.
Qc2 Qe7 16. Bg5 Qf7 17. O-O-O Nd7 18. h5 c5 19. hxg6 Qxg6 20. Be7 Nc4 21. gxf5
exf5 22. Rdg1 Qe6 23. Bxc4 dxc4 24. Bxf8 Rxf8 25. Qh2 Qf6 26. Rxg7+ Qxg7 27. Rg1
cxd4 28. cxd4 Rf7 29. Rxg7+ Rxg7 30. Qc7 Nb6 31. Qb8+ Kh7 32. Qxa7 Nd5 33. e4
Rg1+ 34. Kd2 Rg2+ 35. Ke1 Nf4 36. Qxb7+ Kg6 37. exf5+ Kxf5 38. Qe4+ Kg5 39. Qe5+
{Black resigns} 1-0

[Event "Team 45 45 League T87"]
[Site "Internet Chess Club"]
[Date "2021.01.11"]
[Round "1"]
[White "RD1974"]
[Black "julesraider"]
[Result "0-1"]
[WhiteElo "1506"]
[BlackElo "1579"]
[Opening "Réti: King's Indian attack"]
[ECO "A05"]
[Time "18:06:55"]
[TimeControl "2700+45"]

1. Nf3 Nf6 2. g3 g6 3. Bg2 Bg7 4. O-O d6 5. d3 O-O 6. Nbd2 e5 7. h4 Nbd7 8. c4
a5 9. Rb1 Nc5 10. Nb3 e4 11. Ng5 exd3 12. exd3 Bg4 13. f3 Bf5 14. Ne4 a4 15.
Nbxc5 dxc5 16. Be3 Bxe4 17. dxe4 Qe7 18. Qc2 Rfd8 19. Rfd1 b6 20. Kh2 h6 21.
Rxd8+ Rxd8 22. Rd1 Nh5 23. Rxd8+ Qxd8 24. b3 axb3 25. axb3 Kh7 26. f4 Bd4 27.
Qd2 Nf6 28. Bf3 h5 29. e5 Ng4+ 30. Bxg4 hxg4 31. f5 gxf5 32. Bg5 Qa8 33. Qe2 Qa1
34. Be3 Bxe5 35. Bf2 Qb2 36. Qxb2 Bxb2 37. Be3 Be5 38. Bf4 f6 39. Kg2 Kg6 40.
Kf2 c6 41. Ke3 Bd4+ 42. Kd3 Be5 43. Ke3 Kh5 44. Kf2 Bxf4 45. gxf4 Kxh4 46. Kg2
g3 {White resigns} 0-1